 Dungeon Crawl Stone Soup version 0.30-a0-800-g7c544603b3 (webtiles) character file.

Game seed: 17900300380624916674

39965 porpoise the Covert (level 14, -2/108 HPs)
             Began as a Gnoll Enchanter on Feb 22, 2023.
             Was a High Priest of Dithmenos.
             Slain by a skeletal warrior
             ... wielding a +0 war axe
              (26 damage)
             ... on level 11 of the Dungeon on Feb 23, 2023.
             The game lasted 01:34:28 (19644 turns).

porpoise the Covert (Gnoll Enchanter)              Turns: 19644, Time: 01:34:29

Health: -2/108     AC: 10    Str:  8    XL:     14   Next: 8%
Magic:  27/28      EV: 21    Int: 25    God:    Dithmenos [*****.]
Gold:   1540       SH:  6    Dex: 13    Spells: 9/34 levels left

rFire   . . .      SeeInvis .    a - +1 dagger (freeze)
rCold   . . .      Faith    .    f - +0 buckler
rNeg    . . .      Spirit   .    p - +2 robe {Will+}
rPois   +          Reflect  .    x - +0 helmet
rElec   .          Harm     .    K - +0 cloak {rPois}
rCorr   .          Rampage  .    y - +0 pair of gloves
Will    ++...                    R - +0 pair of boots
Stlth   +++++++                  u - amulet of regeneration
HPRegen 1.18/turn                t - +5 ring of evasion
MPRegen 0.21/turn                O - +6 ring of intelligence

@: wreathed by umbra, invisible
A: fangs 1, strong nose, distributed training
a: Renounce Religion, Shadow Step, Shadow Form


You were on level 11 of the Dungeon.
You worshipped Dithmenos.
Dithmenos was extremely pleased with you.
You visited 3 branches of the dungeon, and saw 16 of its levels.
You also visited: Ossuary.

You collected 1935 gold pieces.
You spent 395 gold pieces at shops.

Inventory:

Hand Weapons
 a - a +1 dagger of freezing (weapon)
 b - a +0 scimitar of flaming
 w - a +3 long sword of holy wrath
Missiles
 W - 3 curare-tipped darts (quivered)
Armour
 f - a +0 buckler (worn)
 g - a +0 troll leather armour
 p - a +2 robe of willpower (worn)
 x - a +0 helmet (worn)
 y - a +0 pair of gloves (worn)
 K - a +0 cloak of poison resistance (worn)
 R - a +0 pair of boots (worn)
Jewellery
 t - a +5 ring of evasion (left hand)
 u - an amulet of regeneration (around neck)
 O - a +6 ring of intelligence (right hand)
Wands
 l - a wand of polymorph (20)
 q - a wand of mindburst (4)
 J - a wand of flame (27)
 L - a wand of roots (2)
 N - a wand of paralysis (13)
 U - a wand of quicksilver (5)
Scrolls
 i - 6 scrolls of teleportation
 j - a scroll of blinking {unknown}
 m - a scroll of butterflies {unknown}
 o - 2 scrolls of fear
 r - a scroll of poison
 v - a scroll of fog {unknown}
 S - 2 scrolls of immolation
 T - a scroll of vulnerability {unknown}
 V - 3 scrolls of magic mapping
 Y - a scroll of silence {unknown}
Potions
 d - 3 potions of attraction
 e - 3 potions of haste
 h - 2 potions of lignification
 k - 2 potions of berserk rage {unknown}
 n - 10 potions of curing
 s - 4 potions of might
 D - 3 potions of magic
 F - 2 potions of resistance {unknown}
 G - 3 potions of heal wounds
 I - a potion of ambrosia {unknown}
 P - 2 potions of cancellation


   Skills:
 + Level 9.2 Fighting
 + Level 9.6 Short Blades
 + Level 9.2 Long Blades
 + Level 9.2 Axes
 + Level 9.2 Maces & Flails
 + Level 9.2 Polearms
 + Level 9.2 Staves
 + Level 9.2 Ranged Weapons
 + Level 9.2 Throwing
 + Level 9.2 Armour
 + Level 10.3 Dodging
 + Level 11.0 Stealth
 + Level 9.2 Shields
 + Level 9.2 Unarmed Combat
 + Level 10.5 Spellcasting
 + Level 7.7 Conjurations
 + Level 9.5 Hexes
 + Level 7.7 Summonings
 + Level 7.7 Necromancy
 + Level 7.7 Translocations
 + Level 7.7 Transmutations
 + Level 7.7 Fire Magic
 + Level 7.7 Ice Magic
 + Level 7.7 Air Magic
 + Level 7.7 Earth Magic
 + Level 7.7 Poison Magic
 + Level 10.0 Invocations
 + Level 9.2 Evocations


You had 9 spell levels left.
You knew the following spells:

 Your Spells              Type           Power      Damage    Failure   Level
a - Confusing Touch       Hex            57%        N/A       1%          3
b - Sublimation of Blood  Necr           51%        N/A       1%          2
c - Airstrike             Air            25%        2d(4-20)  2%          4
d - Dazzling Flash        Conj/Hex       100%       N/A       1%          3
e - Ensorcelled Hibernat  Hex/Ice        100%       N/A       1%          2
r - Irradiate             Conj/Tmut      25%        3d20      7%          5
t - Tukima's Dance        Hex            57%        N/A       1%          3
w - Swiftness             Air            51%        N/A       1%          3

Your spell library contained the following spells:

 Spells                   Type           Power      Damage    Failure   Level
 Foxfire                  Conj/Fire      100%       2x1d9     1%          1
 Shock                    Conj/Air       100%       1d9       1%          1
 Slow                     Hex            100%       N/A       1%          1
 Spider Form              Tmut/Pois      51%        N/A       1%          3
 Vampiric Draining        Necr           51%        2d9       1%          3
 Anguish                  Hex/Necr       27%        N/A       1%          4
 Cause Fear               Hex            28%        N/A       1%          4
 Petrify                  Tmut/Erth      51%        N/A       2%          4
 Silence                  Hex/Air        27%        N/A       4%          5
 Agony                    Necr           51%        N/A       7%          5
 Fireball                 Conj/Fire      25%        3d11      7%          5
 Starburst                Conj/Fire      25%        6d8       36%         6
 Dragon Form              Tmut           25%        N/A       90%         7
 Dragon's Call            Summ           25%        N/A       100%        9


Dungeon Overview and Level Annotations

Branches:
Dungeon (11/15)            Temple (1/1) D:7            Lair (4/5) D:8
 Shoals (0/4) Lair:2       Spider (0/4) Lair:3          Orc (0/2) D:9
Ossuary (visited)
  Slime: Lair:4-5

Altars:
Ashenzari
Cheibriados
Dithmenos
Elyvilon
Fedhas
Gozag
Hepliaklqana
Kikubaaqudgha
Makhleb
Nemelex Xobeh
Okawaru
Qazlal
Ru
Sif Muna
Trog
Uskayaw
Vehumet
Wu Jian
Xom
Yredelemnul
Zin
The Shining One

Shops:
D:5 [   D:7 !

Portals:
Abyss: Lair:2

Annotations:
D:9 2 transporters
D:11 3 runed translucent doors, bronco's ghost, journeyman HOGl
Lair:2 2 transporters, elongatedgoose's ghost, journeyman TrFi


Innate Abilities, Weirdness & Mutations

You have very sharp teeth.
Your uncanny sense of smell can sniff out nearby items.
Your experience applies equally to all skills.


Message History

You slash the skeletal warrior!
The skeletal warrior convulses!
You bite the skeletal warrior, but do no damage.
The skeletal warrior is moderately damaged.
The skeletal warrior completely misses you.
The skeletal warrior barely misses you.
You hit the skeletal warrior but do no damage.
The skeletal warrior is moderately damaged.
The skeletal warrior barely misses you.
The skeletal warrior hits you with a +0 war axe!!
* * * LOW HITPOINT WARNING * * *
The skeletal warrior hits you with a +0 war axe!
* * * LOW HITPOINT WARNING * * *
You feel much better.
The skeletal warrior hits you with a +0 dire flail.
* * * LOW HITPOINT WARNING * * *
You completely miss the skeletal warrior.
Your shadow closely misses the skeletal warrior.
You catch the helpless skeletal warrior completely off-guard!
You slash the skeletal warrior!
The skeletal warrior convulses.
The skeletal warrior is lightly damaged.
The skeletal warrior hits you with a +0 dire flail!
* * * LOW HITPOINT WARNING * * *
Your +3 long sword of holy wrath stops glowing.
Your +1 dagger of freezing glows with a cold blue light!
a - a +1 dagger of freezing (weapon)
You catch the helpless skeletal warrior completely off-guard!
You impale the skeletal warrior!! You freeze the skeletal warrior.
The skeletal warrior is heavily damaged.
You closely miss the skeletal warrior.
You bite the skeletal warrior, but do no damage.
The skeletal warrior is heavily damaged.
You catch the helpless skeletal warrior completely off-guard!
You impale the skeletal warrior!! You freeze the skeletal warrior.
You destroy the skeletal warrior!
Dithmenos accepts your kill.
You barely miss the skeletal warrior.
You bite the skeletal warrior, but do no damage.
The skeletal warrior completely misses you.
The skeletal warrior hits you with a +0 war axe!!
You die...

.# #...# .## #...# z..
#...# .# ####...# ..
## #......# .# .#####.
###.##...# ## .....#.
##...##...# .z
####...#####...###...#
.. ..........z@.#.#
#...# W.
.......)..#z...# #...#
.. ............####
##### .. ..........###
>. #.##.....## .# .
#.###..## .. #. ##..##
.. .. ##..###########
######......##...#


You could see 2 skeletal warriors.

Vanquished Creatures
  4 hydras
  Erica (D:8)
  3 two-headed ogres
  2 skysharks
  3 skeletal warriors
  An orb spider (Lair:3)
  A harpy (Lair:2)
  A cyclops (D:11)
  2 black mambas (Lair:4)
  7 elephants
  8 cane toads
  A kobold demonologist (D:8)
  Maggie (D:8)
  10 komodo dragons
  3 rime drakes
  4 trolls
  3 polar bears
  A hornet (D:5)
  4 dream sheep (Lair:3)
  17 blink frogs
  2 shadows
  Sigmund (D:3)
  2 wraiths (D:11)
  4 wyverns
  49 yaks
  3 basilisks
  Menkaure (D:4)
  3 acid dragons
  9 water moccasins
  2 ice beasts
  4 orc warriors
  2 sky beasts
  2 black bears
  A swamp drake (D:4)
  3 ogres
  14 wolves
  4 centaurs
  A phantom (D:5)
  8 kobold brigands (D:9)
  Blork the orc (D:4)
  11 bullfrogs
  An elf zombie (D:5)
  4 elf skeletons (D:5)
  3 gnoll sergeants (D:9)
  A necrophage (D:7)
  2 scorpions
  3 water moccasin zombies (Ossuary)
  Dowan (D:4)
  11 killer bees
  5 howler monkeys
  An electric eel (Lair:3)
  2 hounds (D:5)
  3 jellies
  5 orc priests
  A gnoll bouda (D:7)
  Crazy Yiuf (D:6)
  5 iguanas
  7 orc wizards
  Natasha (thrice) (D:3)
  2 mummies (Ossuary)
  9 gnolls
  8 adders
  A shadow imp (D:5)
  2 white imps
  5 adder zombies (Ossuary)
  2 worms
  A dart slug (D:5)
  29 orcs
  2 ball pythons
  7 bats
  7 endoplasms
  2 giant cockroaches (D:1)
  8 gnoll zombies (Ossuary)
  14 goblins
  7 hobgoblins
  A jackal (D:2)
  3 quokkas
  7 frilled lizards
  5 hobgoblin zombies (Ossuary)
  8 kobolds
  3 kobold zombies (Ossuary)
  An orc skeleton (D:5)
  4 orc zombies (Ossuary)
  5 rats
406 creatures vanquished.

Vanquished Creatures (others)
  24 fungi
  38 plants
62 creatures vanquished.

Grand Total: 468 creatures vanquished

Notes
Turn   | Place    | Note
-------+----------+-------------------------------------------
     0 | D:1      | porpoise the Gnoll Enchanter began the quest for the Orb.
     0 | D:1      | Reached XP level 1. HP: 13/13 MP: 6/6
   307 | D:1      | Reached XP level 2. HP: 19/19 MP: 7/7
   310 | D:1      | Learned a level 2 spell: Ensorcelled Hibernation
  1144 | D:1      | Reached skill level 5 in Spellcasting
  1144 | D:1      | Reached XP level 3. HP: 25/25 MP: 7/9
  1166 | D:1      | Learned a level 3 spell: Confusing Touch
  1170 | D:1      | Learned a level 3 spell: Tukima's Dance
  1486 | D:2      | Reached skill level 6 in Stealth
  1822 | D:2      | Reached skill level 1 in Invocations
  2001 | D:2      | Reached skill level 1 in Fighting
  2001 | D:2      | Reached skill level 1 in Long Blades
  2001 | D:2      | Reached skill level 1 in Axes
  2001 | D:2      | Reached skill level 1 in Maces & Flails
  2001 | D:2      | Reached skill level 1 in Polearms
  2001 | D:2      | Reached skill level 1 in Staves
  2001 | D:2      | Reached skill level 1 in Ranged Weapons
  2001 | D:2      | Reached skill level 1 in Throwing
  2001 | D:2      | Reached skill level 1 in Armour
  2001 | D:2      | Reached skill level 1 in Shields
  2001 | D:2      | Reached skill level 1 in Unarmed Combat
  2001 | D:2      | Reached skill level 1 in Evocations
  2149 | D:3      | Noticed Natasha
  2157 | D:3      | Killed Natasha
  2158 | D:3      | Reached XP level 4. HP: 32/32 MP: 8/11
  2203 | D:3      | Reached skill level 1 in Conjurations
  2203 | D:3      | Reached skill level 1 in Summonings
  2203 | D:3      | Reached skill level 1 in Necromancy
  2203 | D:3      | Reached skill level 1 in Translocations
  2203 | D:3      | Reached skill level 1 in Transmutations
  2203 | D:3      | Reached skill level 1 in Fire Magic
  2203 | D:3      | Reached skill level 1 in Ice Magic
  2203 | D:3      | Reached skill level 1 in Air Magic
  2203 | D:3      | Reached skill level 1 in Earth Magic
  2203 | D:3      | Reached skill level 1 in Poison Magic
  2230 | D:3      | Noticed Sigmund
  2280 | D:3      | Killed Sigmund
  2281 | D:3      | Reached XP level 5. HP: 38/38 MP: 12/12
  2281 | D:3      | Reached XP level 6. HP: 44/44 MP: 13/13
  2805 | D:3      | Noticed Natasha
  2821 | D:3      | Killed Natasha
  2822 | D:3      | Reached skill level 5 in Dodging
  2873 | D:3      | Noticed Natasha
  2882 | D:3      | Killed Natasha
  3041 | D:3      | Learned a level 3 spell: Dazzling Flash
  3046 | D:4      | Noticed a sky beast
  3228 | D:4      | Noticed Blork the orc
  3233 | D:4      | Killed Blork the orc
  3462 | D:4      | Found an ancient bone altar of Kikubaaqudgha.
  3579 | D:4      | Killed a sky beast
  3580 | D:4      | Reached XP level 7. HP: 51/51 MP: 9/15
  3896 | D:4      | Noticed Menkaure
  3899 | D:4      | Noticed Dowan
  3919 | D:4      | Killed Menkaure
  3955 | D:4      | Noticed Duvessa
  3956 | D:4      | Duvessa changed into Duvessa the swamp drake
  3956 | D:4      | Noticed Duvessa
  4145 | D:4      | Killed Duvessa the swamp drake
  4150 | D:4      | Killed Dowan
  4369 | D:4      | Reached XP level 8. HP: 58/58 MP: 13/16
  4401 | D:5      | Entered Level 5 of the Dungeon
  4419 | D:5      | Noticed a hornet
  4458 | D:5      | Found Anwozo Tefe's Armour Shop.
  4484 | D:5      | Identified a scroll of acquirement
  4484 | D:5      | Acquired 1157 gold pieces
  4628 | D:5      | Bought a +0 buckler for 63 gold pieces
  4628 | D:5      | Bought a +0 cloak for 63 gold pieces
  4628 | D:5      | Bought a +0 pair of boots for 63 gold pieces
  4643 | D:5      | Bought a +0 helmet for 63 gold pieces
  4719 | D:5      | Reached skill level 7 in Stealth
  4791 | D:5      | Found a sand-covered staircase.
  4812 | Ossuary  | Entered an ossuary
  5443 | Ossuary  | Reached XP level 9. HP: 65/65 MP: 2/18
  6204 | D:5      | Reached skill level 5 in Short Blades
  6228 | D:5      | Killed a hornet
  6466 | D:5      | Identified the +0 robe of Yphiun {Dex+5}
  7193 | D:6      | Reached skill level 5 in Invocations
  7333 | D:6      | Found a runed translucent door.
  7334 | D:6      | Noticed Crazy Yiuf
  7342 | D:6      | Killed Crazy Yiuf
  7586 | D:7      | Identified the +2 robe "Yficycew" {MP-9 Int+8}
  7941 | D:7      | Reached skill level 5 in Fighting
  7941 | D:7      | Reached skill level 5 in Long Blades
  7941 | D:7      | Reached skill level 5 in Axes
  7941 | D:7      | Reached skill level 5 in Maces & Flails
  7941 | D:7      | Reached skill level 5 in Polearms
  7941 | D:7      | Reached skill level 5 in Staves
  7941 | D:7      | Reached skill level 5 in Ranged Weapons
  7941 | D:7      | Reached skill level 5 in Throwing
  7941 | D:7      | Reached skill level 5 in Armour
  7941 | D:7      | Reached skill level 5 in Shields
  7941 | D:7      | Reached skill level 5 in Unarmed Combat
  7941 | D:7      | Reached skill level 5 in Evocations
  7941 | D:7      | Reached XP level 10. HP: 65/74 MP: 17/20
  7941 | D:7      | Found a staircase to the Ecumenical Temple.
  7954 | Temple   | Entered the Ecumenical Temple
  8170 | Temple   | Became a worshipper of Dithmenos the Shadowed
  8636 | D:7      | Found Equtual's Distillery.
  8638 | D:7      | Reached skill level 8 in Stealth
  8675 | D:7      | Bought a potion of curing for 39 gold pieces
  8675 | D:7      | Bought a potion of cancellation for 104 gold pieces
  8710 | D:7      | Found a glowing golden altar of the Shining One.
  8710 | D:7      | Found a hide-covered altar of Uskayaw.
  8711 | D:7      | Found an iron altar of Okawaru.
  8833 | D:8      | Noticed a two-headed ogre
  8843 | D:8      | Killed a two-headed ogre
  9161 | D:8      | Found a staircase to the Lair.
  9161 | D:8      | Noticed an elephant
  9522 | D:8      | Noticed Maggie
  9535 | D:8      | Killed Maggie
  9535 | D:8      | Reached * piety under Dithmenos
  9836 | D:8      | Killed an elephant
 10450 | D:9      | Noticed a kobold demonologist
 10483 | D:9      | Noticed a smoke demon
 10501 | D:8      | Killed a kobold demonologist
 10502 | D:8      | Reached skill level 5 in Conjurations
 10502 | D:8      | Reached skill level 5 in Summonings
 10502 | D:8      | Reached skill level 5 in Necromancy
 10502 | D:8      | Reached skill level 5 in Translocations
 10502 | D:8      | Reached skill level 5 in Transmutations
 10502 | D:8      | Reached skill level 5 in Fire Magic
 10502 | D:8      | Reached skill level 5 in Ice Magic
 10502 | D:8      | Reached skill level 5 in Air Magic
 10502 | D:8      | Reached skill level 5 in Earth Magic
 10502 | D:8      | Reached skill level 5 in Poison Magic
 10502 | D:8      | Reached XP level 11. HP: 79/81 MP: 17/22
 10703 | D:9      | Learned a level 4 spell: Airstrike
 10707 | D:9      | Learned a level 3 spell: Swiftness
 11244 | D:9      | Noticed a two-headed ogre
 11256 | D:9      | Killed a two-headed ogre
 11791 | D:9      | Found a staircase to the Orcish Mines.
 11797 | D:9      | Reached ** piety under Dithmenos
 11842 | D:9      | Reached skill level 9 in Stealth
 12062 | D:9      | Found a transporter.
 12213 | D:9      | Found a transporter.
 12213 | D:9      | Noticed a boulder beetle
 12263 | D:10     | Entered Level 10 of the Dungeon
 13067 | D:10     | Reached *** piety under Dithmenos
 13122 | D:10     | Noticed a two-headed ogre
 13130 | D:10     | Killed a two-headed ogre
 13655 | D:8      | Noticed Erica
 13665 | D:8      | Killed Erica
 13666 | D:8      | Reached XP level 12. HP: 91/91 MP: 21/24
 13675 | Lair:1   | Entered Level 1 of the Lair of Beasts
 14374 | Lair:1   | Noticed a seven-headed hydra
 14381 | Lair:1   | Killed a six-headed hydra
 14969 | Lair:2   | Noticed a five-headed hydra
 14976 | Lair:2   | Killed a five-headed hydra
 15044 | Lair:2   | Found a transporter.
 15056 | Lair:2   | Found a one-way gate to the infinite horrors of the Abyss.
 15056 | Lair:2   | Noticed elongatedgoose's ghost (journeyman TrFi)
 15057 | Lair:2   | Noticed a thrashing horror
 15057 | Lair:2   | Noticed a sun demon
 15068 | Lair:2   | Noticed a thrashing horror
 15266 | Lair:2   | Reached skill level 10 in Stealth
 15535 | Lair:2   | Found a staircase to the Shoals.
 15616 | Lair:2   | Reached **** piety under Dithmenos
 15623 | Lair:2   | Reached XP level 13. HP: 98/98 MP: 18/26
 15967 | Lair:2   | Found a transporter.
 16739 | Lair:3   | Learned a level 2 spell: Sublimation of Blood
 16834 | Lair:3   | Reached skill level 10 in Spellcasting
 17510 | Lair:3   | Reached ***** piety under Dithmenos
 17520 | Lair:3   | Reached skill level 10 in Dodging
 17585 | Lair:3   | Learned a level 5 spell: Irradiate
 18028 | Lair:3   | Found a hole to the Spider Nest.
 19186 | D:11     | Noticed bronco's ghost (journeyman HOGl)
 19454 | D:11     | Found a runed translucent gate.
 19454 | D:11     | Found a runed translucent gate.
 19454 | D:11     | Found a runed translucent gate.
 19459 | D:11     | Reached XP level 14. HP: 98/108 MP: 23/28
 19463 | D:11     | Reached skill level 10 in Invocations
 19626 | D:11     | Reached skill level 11 in Stealth
 19644 | D:11     | Slain by a skeletal warrior

Illustrated notes

Levels and vault maps discovered:
D:1:      minmay_arrival_wavy_path, layout_loops_corners
D:2:      layout_rooms, st_stairs_5
D:3:      layout_basic, uniq_sigmund, uniq_robin, uniq_natasha
D:4:      layout_rooms, mainiacjoe_overflow_paths, uniq_blork_the_orc,
          uniq_duvessa, uniq_menkaure
D:5:      layout_cave_pools, serial_shops, nicolae_shop_hallway_plus,
          nicolae_ossuary_entry_catacombs
D:6:      layout_cave_pools, uniq_crazy_yiuf_cottage
D:7:      layout_basic, gammafunk_temple_overflow_claw,
          minmay_temple_entry_tees, serial_shops, shop, hangedman_decor_points,
          nrook_mini_backslash
D:8:      layout_loops_ring, david_lair_generic, uniq_erica, uniq_maggie
D:9:      gammafunk_boulding_lane, layout_basic,
          kennysheep_orc_monster_closet_entryway
D:10:     layout_basic
D:11:     layout_rooms, gammafunk_ghost_icy
Temple:   dpeg_five_rooms_temple
Lair:1:   layout_chaotic_city, beast_lair_carwin_9
Lair:2:   layout_regular_city, nicolae_shoals_entry_roost,
          gammafunk_ghost_abyssal_escape
Lair:3:   layout_loops_ring, nicolae_spider_entry_orb_guardian,
          beast_lair_carwin_1, grunt_megastairs_3, serial_bayou_shore_a
Lair:4:   layout_layer_cave, patterned_corridor

Skill      XL: |  1  2  3  4  5  6  7  8  9 10 11 12 13 14 |
---------------+-------------------------------------------+-----
Spellcasting   | 5 6 7 8 9 10 | 10.5
Stealth        | 6 7 8 9 10 11 | 11.0
Invocations    | 1 2 3 4 5 6 7 8 9 10 | 10.0
Fighting       | 1 2 3 5 6 7 8 9 |  9.2
Long Blades    | 1 2 3 5 6 7 8 9 |  9.2
Axes           | 1 2 3 5 6 7 8 9 |  9.2
Maces & Flails | 1 2 3 5 6 7 8 9 |  9.2
Polearms       | 1 2 3 5 6 7 8 9 |  9.2
Staves         | 1 2 3 5 6 7 8 9 |  9.2
Ranged Weapons | 1 2 3 5 6 7 8 9 |  9.2
Throwing       | 1 2 3 5 6 7 8 9 |  9.2
Armour         | 1 2 3 5 6 7 8 9 |  9.2
Shields        | 1 2 3 5 6 7 8 9 |  9.2
Unarmed Combat | 1 2 3 5 6 7 8 9 |  9.2
Evocations     | 1 2 3 5 6 7 8 9 |  9.2
Conjurations   | 1 2 3 4 5 6 7 |  7.7
Summonings     | 1 2 3 4 5 6 7 |  7.7
Necromancy     | 1 2 3 4 5 6 7 |  7.7
Translocations | 1 2 3 4 5 6 7 |  7.7
Transmutations | 1 2 3 4 5 6 7 |  7.7
Fire Magic     | 1 2 3 4 5 6 7 |  7.7
Ice Magic      | 1 2 3 4 5 6 7 |  7.7
Air Magic      | 1 2 3 4 5 6 7 |  7.7
Earth Magic    | 1 2 3 4 5 6 7 |  7.7
Poison Magic   | 1 2 3 4 5 6 7 |  7.7
Short Blades   | 3 4 5 6 7 8 9 |  9.6
Dodging        | 5 6 7 8 9 10 | 10.3
Hexes          | 6 7 8 9 |  9.5

Action                     |  1- 3 |  4- 6 |  7- 9 | 10-12 | 13-15 || total
---------------------------+-------+-------+-------+-------+-------++-------
  Melee: Dagger            |    87 |    60 |   522 |   546 |   217 ||  1432
         Bite              |     5 |     5 |    83 |    71 |    46 ||   210
         Unarmed           |       |    12 |     5 |       |       ||    17
         Punch             |       |       |     3 |       |       ||     3
         Falchion          |       |       |       |    40 |       ||    40
         Trident           |       |       |       |    11 |       ||    11
         Scimitar          |       |       |       |     7 |    33 ||    40
         Long sword        |       |       |       |       |    13 ||    13
  Throw: Dart              |       |       |       |    34 |       ||    34
         Javelin           |       |       |       |     4 |       ||     4
         Boomerang         |       |       |       |     4 |       ||     4
   Cast: Ensorcelled Hiber |    21 |    25 |    52 |   127 |    66 ||   291
         Confusing Touch   |       |     1 |    60 |    39 |    11 ||   111
         Dazzling Flash    |       |       |       |     3 |     7 ||    10
         Airstrike         |       |       |       |     3 |     3 ||     6
         Irradiate         |       |       |       |       |     3 ||     3
         Tukima's Dance    |       |       |       |       |     3 ||     3
  Evoke: Wand              |       |       |     1 |     2 |     4 ||     7
    Use: Scroll            |     1 |       |    11 |     4 |     2 ||    18
         Potion            |       |     4 |     2 |     2 |     2 ||    10
   Stab: Sleeping          |    22 |    15 |    41 |   101 |    48 ||   227
         Distracted        |     1 |     1 |       |     2 |       ||     4
         Confused          |       |       |    34 |    37 |    15 ||    86
         Invisible         |       |       |       |     7 |    15 ||    22
         Paralysed         |       |       |       |       |     1 ||     1
 Armour: Robe              |    15 |    13 |    64 |    79 |    24 ||   195
         Skin              |       |    11 |       |       |       ||    11
  Dodge: Dodged            |    60 |    38 |   339 |   501 |   223 ||  1161
  Block: Other             |       |     2 |       |       |       ||     2
         Buckler           |       |       |    74 |   137 |    68 ||   279

Table legend: (Time is in decaauts)
 A = Elapsed time spent in this place.
 B = Non-inter-level travel time spent in this place.
 C = Inter-level travel time spent in this place.
 D = Time resting spent in this place.
 E = Time spent auto-exploring this place.
 F = Levels seen in this place.
 G = Mean time per level.
                   A        B        C        D        E       F      G
               +--------+--------+--------+--------+--------+-----+--------+
         Total |  19250 |  18273 |    977 |   6938 |   7206 |  17 | 1132.4 |
       Dungeon |  12533 |  11834 |    699 |   4298 |   4881 |  11 | 1139.4 |
        Temple |    267 |    214 |     53 |      0 |    203 |   1 |  267.0 |
          Lair |   5249 |   5025 |    224 |   1755 |   2122 |   4 | 1312.2 |
       Ossuary |   1199 |   1199 |      0 |    885 |      0 |   1 | 1199.0 |
               +--------+--------+--------+--------+--------+-----+--------+

Top non-repeatable levels by time:
  Lair:3: 1804 daAuts
     D:8: 1717 daAuts
     D:9: 1716 daAuts
  Lair:2: 1588 daAuts
    D:10: 1499 daAuts
     D:3: 1337 daAuts
  Lair:1: 1331 daAuts
     D:1: 1330 daAuts
 Ossuary: 1199 daAuts
     D:4: 1110 daAuts
     D:7: 1073 daAuts
     D:5: 973 daAuts
     D:6: 793 daAuts
     D:2: 671 daAuts
  Lair:4: 524 daAuts
